[Event "IV Copa Marcel Duchamp 2020"]
[Site "Montevideo"]
[Date "2020.02.11"]
[Round "5.23"]
[White "Urrestarazu, Diego"]
[Black "Escofet, Jaime"]
[Result "1/2-1/2"]
[ECO "A89"]
[WhiteElo "1837"]
[BlackElo "2025"]
[Annotator "NA RC"]
[PlyCount "36"]
[EventDate "2020.02.08"]
[EventType "swiss"]
[EventCountry "URU"]
[SourceTitle "playchess.com"]
[Source "ChessBase"]
[SourceQuality "1"]
[TimeControl "5400+30"]

1. c4 g6 2. Nc3 Bg7 3. d4 f5 4. g3 Nf6 5. Bg2 O-O 6. Nf3 d6 7. O-O Nc6 8. Rb1 (8. d5 $5 Na5 9. Qd3 $11) 8... Ne4 9. Nd5 (9. d5 $5 Nxc3 10. bxc3 $11) 9... e6 10. Nf4 Qe8 11. Nxe6 (11. d5 $11 Nd8 12. Nd2) 11... Bxe6 12. d5 Bd7 13. dxc6 Bxc6 14. Be3 Qe7 15. Bd4 Nf6 16. e3 a5 17. Qd2 b6 18. Rfd1 Rfe8 $11 1/2-1/2

[Event "IV Copa Marcel Duchamp 2020"]
[Site "Montevideo"]
[Date "2020.02.11"]
[Round "5.24"]
[White "Larrea, Daniela"]
[Black "Brizzi, Milagros Tatiana"]
[Result "0-1"]
[ECO "D47"]
[WhiteElo "1757"]
[BlackElo "2022"]
[Annotator "NA RC"]
[PlyCount "46"]
[EventDate "2020.02.08"]
[EventType "swiss"]
[EventCountry "URU"]
[SourceTitle "playchess.com"]
[Source "ChessBase"]
[SourceQuality "1"]
[TimeControl "5400+30"]

1. d4 d5 2. c4 c6 3. Nf3 Nf6 4. Nc3 e6 5. e3 Nbd7 6. Bd3 dxc4 7. Bxc4 b5 8. Bd3 Bb7 9. O-O a6 10. Qc2 {[%emt 0:02:59] D48: Semi-Slav: Meran System: 7...b5 8 Bd3 a6.} c5 11. Ne4 Rc8 (11... c4 $5 12. Nxf6+ Nxf6 $15) 12. dxc5 Nxc5 {[%emt 0:03:13] [#]} 13. Nxf6+ $146 ({Predecessor:} 13. Nxc5 $11 Bxc5 (13... Rxc5 14. Qe2 Bxf3 15. gxf3 Bd6 16. e4 Qb8 17. Be3 Rh5 18. a4 Bxh2+ 19. Kg2 {0-1 (26) Granero Roca,A (2385)-Handke,F (2496) ICC INT 2009}) 14. Qe2) 13... Qxf6 14. Be2 Ne4 15. Qd1 Bc5 16. Nd2 Nxd2 17. Qxd2 {[%emt 0:01:20] [#]} O-O $1 18. Rd1 Rfd8 19. Qe1 Bd6 20. Bd3 $2 {[%emt 0:14:57] [#]} (20. Bd2 $17 {is a better defense.}) 20... Be5 $2 (20... Bxh2+ $1 $19 {[%mdl 512] and Black stays clearly on top.} 21. Kxh2 Qh4+ 22. Kg1 {[#]} Qg4 $1 ) 21. Qe2 Bc7 22. Qg4 (22. a4 $15) 22... Qe5 23. Qg3 $2 {[%emt 0:04:05] [#]} (23. g3 $17) 23... Qh5 $19 0-1

[Event "IV Copa Marcel Duchamp 2020"]
[Site "Montevideo"]
[Date "2020.02.11"]
[Round "5.25"]
[White "Meskanen, Vesa"]
[Black "Osinaga, Eduardo"]
[Result "1-0"]
[ECO "B23"]
[WhiteElo "2019"]
[BlackElo "1697"]
[Annotator "NA RC"]
[PlyCount "75"]
[EventDate "2020.02.08"]
[EventType "swiss"]
[EventCountry "URU"]
[SourceTitle "playchess.com"]
[Source "ChessBase"]
[SourceQuality "1"]
[TimeControl "5400+30"]

1. e4 c5 2. Nc3 d6 3. g3 g6 4. Bg2 Bg7 5. Nge2 e6 (5... Nf6 $11) 6. O-O Ne7 7. d3 O-O 8. f4 Nbc6 9. Be3 {[%emt 0:01:08] The main line 9.Be3 scores better than 9.g4.} a6 {[%emt 0:01:08] B25: Closed Sicilian: 3 g3, lines without early Be3.} 10. g4 f5 {[%emt 0:04:51] [#]} 11. h3 $146 ({White should play Predecessor:} 11. exf5 $11 gxf5 12. Ng3 (12. g5 b5 13. Qe1 Rb8 14. h4 Nd4 15. Bxd4 cxd4 16. Nd1 Qc7 17. Rc1 {0-1 (49) Birol,E (1429)-Cakir,I (1594) Konya 2016})) 11... b5 12. a3 b4 (12... Qc7 $142) 13. axb4 cxb4 14. Na4 Rb8 15. Qe1 Bd7 16. Qf2 Nc8 (16... b3 $11) 17. d4 ({Better is} 17. gxf5 $14 exf5 18. e5) 17... fxe4 18. Bxe4 N6e7 19. Qg2 Nb6 20. Nxb6 Qxb6 21. c3 Bb5 22. Rfe1 Bxe2 ({Better is} 22... Bc4 $17) 23. Qxe2 bxc3 24. bxc3 d5 25. Rxa6 Qc7 26. Bg2 Rb6 (26... Qxc3 $16 27. Rxe6 Nc6) 27. Bd2 Kf7 (27... Rfb8 $16 28. Bf1 Rxa6 29. Qxa6 Rb6) 28. h4 Qd6 29. Ra7 Kg8 $2 (29... Qb8 {might work better.} 30. Rea1 Rb1+ 31. Rxb1 Qxa7) 30. Bc1 Nc8 31. Ba3 {[%emt 0:04:39] Skewer} Qb8 32. Rd7 Rf7 (32... Re8 $142 33. f5 Rc6 34. fxe6 Kh8) 33. Rxf7 Kxf7 {[%emt 0:00:10] [#]} 34. f5 $1 gxf5 35. gxf5 Ne7 36. Qh5+ $18 (36. fxe6+ $142 Kg8 37. Bxe7) 36... Kf8 37. fxe6 Qe8 38. Rf1+ 1-0

[Event "IV Copa Marcel Duchamp 2020"]
[Site "Montevideo"]
[Date "2020.02.11"]
[Round "5.26"]
[White "Manteiga, Franco"]
[Black "Gaye, Gustavo"]
[Result "1/2-1/2"]
[ECO "A43"]
[WhiteElo "1703"]
[BlackElo "2001"]
[Annotator "NA RC"]
[PlyCount "60"]
[EventDate "2020.02.08"]
[EventType "swiss"]
[EventCountry "URU"]
[SourceTitle "playchess.com"]
[Source "ChessBase"]
[SourceQuality "1"]
[TimeControl "5400+30"]

1. d4 c5 2. d5 d6 3. c4 g6 4. Nc3 Bg7 5. e4 Nf6 6. Nge2 O-O 7. Ng3 e6 8. Be2 exd5 9. cxd5 Na6 10. O-O {[%emt 0:02:24] A65: Modern Benoni: 6 e4.} Nc7 11. Bg5 h6 12. Be3 Re8 13. a4 b6 14. Qd2 Kh7 15. f3 Rb8 {[%emt 0:02:08] [#]} 16. Bb5 $146 (16. Bf4 $16) ({Predecessor:} 16. f4 a6 17. e5 Ng8 18. Nge4 dxe5 19. d6 Ne6 20. fxe5 Rf8 21. Nf6+ Nxf6 22. exf6 Bxf6 23. Rxf6 Qxf6 {½-½ (54) Simonetto,A (2173)-Colombo,R (2100) Alessandria 2018}) 16... Bd7 17. Qd3 Re7 18. f4 (18. Rfc1 $14) 18... Ng4 19. e5 (19. Bxd7 $17 Nxe3 20. Bc6) 19... Bxb5 (19... Nxb5 $17 20. axb5 f5 21. Rxa7 dxe5) 20. axb5 Nxe3 21. Qxe3 dxe5 22. f5 $1 Ne8 (22... Rd7 $1 $14) 23. Nce4 ({White should play} 23. Nge4 $16 Reb7 24. Qd3) 23... Rd7 $1 24. fxg6+ fxg6 25. d6 (25. Qb3 $11 {remains equal.}) 25... Rbb7 $2 (25... Nxd6 $17 {keeps the pressure on.} 26. Nxd6 Rxd6 27. Rxa7 Rd7 28. Rxd7 Qxd7) 26. Qf3 Qb8 (26... a6 $16 {was worth a try.}) 27. Rad1 Rd8 $2 (27... Qd8 28. Ne2 c4) 28. Rd5 $2 (28. h4 $18 {is the precise move to win.} Qc8 29. h5) 28... Rbd7 29. Rfd1 Qa8 $2 (29... Nxd6 $16 {is tougher.} 30. Qg4 c4) 30. Qd3 $14 (30. h4 $18) 30... Qb8 1/2-1/2

[Event "IV Copa Marcel Duchamp 2020"]
[Site "Montevideo"]
[Date "2020.02.11"]
[Round "5.27"]
[White "Campora, Edgardo"]
[Black "Montanu, Dan-Vladimir"]
[Result "0-1"]
[ECO "B50"]
[WhiteElo "1676"]
[BlackElo "1983"]
[Annotator "NA RC"]
[PlyCount "102"]
[EventDate "2020.02.08"]
[EventType "swiss"]
[EventCountry "URU"]
[SourceTitle "playchess.com"]
[Source "ChessBase"]
[SourceQuality "1"]
[TimeControl "5400+30"]

1. e4 c5 2. Nf3 d6 3. c3 Nf6 4. h3 Nc6 5. Bd3 g6 6. Bc2 Bg7 {[%emt 0:00:08] B50: Sicilian: 2...d6, Miscellaneous.} 7. a3 Bd7 8. d4 cxd4 9. cxd4 O-O {[%emt 0:01:52] [#]} 10. Nc3 $146 ({Predecessor:} 10. O-O Rc8 11. Nc3 a6 12. Be3 b5 13. Qd2 Qc7 14. Bh6 Na5 15. Bxg7 Kxg7 16. e5 {0-1 (45) Aleshko,M (1219)-Grochowski,M (1781) Poznan 2018}) 10... Rc8 11. Be3 Na5 12. Nd2 Nc4 (12... Qb6 $11 13. Rb1 Qa6) 13. Nxc4 Rxc4 14. Qe2 Qc8 15. O-O a6 16. Bd3 Rc7 17. e5 dxe5 18. dxe5 Ne8 19. Nd5 Bc6 20. Nxc7 Nxc7 21. f4 Nd5 22. Bc5 Rd8 23. Rac1 e6 24. Be4 Bf8 25. Bxf8 Kxf8 26. Bxd5 Rxd5 27. Rfd1 Qd8 28. Qe1 Qb6+ 29. Qf2 Qb3 30. Rxd5 exd5 (30... Qxd5 $142 31. Qc5+ Qxc5+ 32. Rxc5 h5) 31. Rc3 Qd1+ 32. Kh2 Qb1 33. Qc5+ Ke8 34. b4 ({Don't do} 34. Qd6 Qe4 $18) 34... Qe4 35. Qe3 Qf5 36. g4 Qd7 37. Qd4 Qe6 38. Rf3 Bd7 (38... Qe7 $142 39. f5 Kd8) 39. f5 gxf5 40. gxf5 Qc6 41. Rc3 Qb5 42. Qg4 Qf1 $2 (42... Bxf5 43. Qg8+ (43. Qxf5 Qe2+ 44. Kh1 Qe1+ 45. Kg2 Qxc3 $11) 43... Ke7) 43. Qg8+ Ke7 44. f6+ Ke6 45. Qg4+ Qf5 46. Qe2 $2 (46. Rc7 $18 Qxg4 47. hxg4) 46... Qxe5+ $2 (46... Bc6 $16) 47. Qxe5+ Kxe5 48. Rc7 Be6 49. Rxb7 d4 50. Rc7 $4 (50. Kg3 $18) 50... d3 $19 51. Rc1 Bb3 0-1

[Event "IV Copa Marcel Duchamp 2020"]
[Site "Montevideo"]
[Date "2020.02.11"]
[Round "5.28"]
[White "Rodriguez Farias, Eduardo"]
[Black "Munoz Rozas, Diego"]
[Result "1/2-1/2"]
[ECO "B50"]
[WhiteElo "1963"]
[BlackElo "1685"]
[Annotator "NA RC"]
[PlyCount "126"]
[EventDate "2020.02.08"]
[EventType "swiss"]
[EventCountry "URU"]
[SourceTitle "playchess.com"]
[Source "ChessBase"]
[SourceQuality "1"]
[TimeControl "5400+30"]

1. e4 c5 2. Nf3 d6 3. c3 Nf6 4. Be2 g6 5. O-O Bg7 6. Re1 O-O 7. Bf1 Nc6 8. h3 b6 9. d4 {B50: Sicilian: 2...d6, Miscellaneous.} cxd4 10. cxd4 e6 11. Nc3 Bb7 {[%emt 0:00:06] [#]} 12. Bg5 $146 ({Predecessor:} 12. Be3 Rc8 13. Rc1 a6 14. Qe2 b5 15. a3 Na5 16. Nd2 Nc4 17. Nxc4 Rxc4 18. f3 {1-0 (36) Beres,L (2074)-Capak,S (1934) Slovakia 2019}) 12... h6 13. Bh4 g5 14. Bg3 a6 15. Bh2 g4 (15... b5 $11 {remains equal.}) 16. hxg4 Nxg4 17. Bg3 e5 18. Nh4 Qg5 19. Nf5 (19. dxe5 $16 Bxe5 20. Nf5) 19... Nxd4 20. Bh4 Qf4 21. Bg3 Qg5 22. Nxd6 Bc6 23. Be2 ({White should play} 23. Qc1 $11) 23... f5 (23... Rad8 $17 24. Nc4 b5) 24. Nxf5 (24. Bxg4 $14 f4 25. Bh2) 24... Nxf5 (24... Nxf2 $5 25. Kxf2 Nxf5 26. exf5 Rad8 27. Qb3+ {[%mdl 64] Double Attack} Kh7 $11) 25. exf5 Rad8 $2 26. Qb3+ {[%emt 0:01:45] Double Attack} Kh8 27. Bxg4 Qxg4 28. Qe6 (28. Qxb6 $18 Ba8 29. Qxa6) 28... Bxg2 $2 (28... Rf6 $16 {was necessary.} 29. Qxe5 Rd2) 29. Kxg2 Rxf5 30. Kg1 Rdf8 31. Re2 ({Not} 31. Qxb6 Rf3 $18) 31... h5 32. Qc6 $2 ({Not} 32. Qxb6 h4 $11 {[%mdl 64] Pin}) (32. Re4 $18 Qf3 33. Qxb6) 32... h4 {[%emt 0:01:05] Pin} 33. Qe4 Rf4 34. Qh1 Bf6 $2 {[%emt 0:04:56] [#]} (34... Kg8 $11 35. Re3 hxg3 36. Rxg3 Qd7) 35. Re4 $2 (35. Re3 $1 $18) 35... Rg8 $2 (35... Bg5 $11 {and Black has nothing to worry.}) 36. Rxf4 exf4 37. Qg2 hxg3 $2 (37... Bd4 38. Ne4 fxg3 39. Nxg3 Qd7) 38. f3 $2 (38. Qh1+ Kg7 39. Qb7+ Kg6 40. Qe4+ Kh6 41. Qh1+ Kg7 42. Qb7+ Kh6 43. Qh1+ Kg7) 38... Bd4+ 39. Kf1 Qe6 40. Ne4 $2 (40. Rd1 Re8 41. Qc2) 40... Kg7 (40... Qc4+ $142 41. Ke1 {[#]} Bf2+ $1 42. Nxf2 gxf2+ 43. Qxf2 Re8+ 44. Kd2 Qd5+ 45. Kc1 Rc8+ 46. Qc2 Rxc2+ 47. Kxc2 Qxf3) 41. Rc1 Rc8 42. Rd1 Qc4+ 43. Ke1 Qb4+ 44. Kf1 Rh8 $2 ({Black should play} 44... Qb5+ $19 45. Ke1 {[#]} Bf2+ $1 46. Nxf2 Rc2 $1 {[%mdl 576] Double Attack, Pin}) 45. Nxg3 fxg3 46. Qxg3+ Kf7 47. Qf4+ {Double Attack} Kg6 48. Qg4+ Kf7 49. Qf4+ Kg6 50. Qe4+ Kf7 51. Qxd4 Qb5+ 52. Qd3 (52. Rd3 $14 Rc8 53. Ke1 Qa5+ 54. Rd2 Rc1+ 55. Kf2) 52... Rh1+ 53. Kg2 Rxd1 54. Qxd1 Qxb2+ 55. Kg3 Qg7+ 56. Kf2 Qb2+ 57. Kg3 Qg7+ 58. Kh3 Qh6+ 59. Kg2 Qg5+ 60. Kf2 Qh4+ 61. Ke2 Qh2+ 62. Ke3 Qe5+ 63. Kf2 Qh2+ $11 1/2-1/2

[Event "IV Copa Marcel Duchamp 2020"]
[Site "Montevideo"]
[Date "2020.02.11"]
[Round "5.29"]
[White "Durante, Aurelio"]
[Black "Bon, Charles"]
[Result "1-0"]
[ECO "A05"]
[WhiteElo "1955"]
[BlackElo "1614"]
[Annotator "NA RC"]
[PlyCount "41"]
[EventDate "2020.02.08"]
[EventType "swiss"]
[EventCountry "URU"]
[SourceTitle "playchess.com"]
[Source "ChessBase"]
[SourceQuality "1"]
[TimeControl "5400+30"]

1. Nf3 Nf6 2. g3 g6 3. Bg2 Bg7 4. O-O d6 5. d4 O-O 6. Re1 Nbd7 7. e4 e5 8. d5 {[%emt 0:01:50] A49: 1 d4 Nf6 2 Nf3 g6 3 g3: Anti-King's Indian systems.} Ne8 9. c4 {[%emt 0:00:26] [#]} Ndf6 $146 ({Predecessor:} 9... f5 $11 {remains equal.} 10. Nc3 f4 11. b4 g5 12. Qd3 Qf6 13. g4 Qg6 14. Kf1 h5 15. h3 hxg4 16. hxg4 {0-1 (66) Sounov,B (2016)-Galaev,A (1691) Uljanovsk 2009}) 10. Nc3 c6 {[%emt 0:02:16] [#]} (10... Nd7 $142) 11. dxc6 $1 Nc7 12. cxb7 Bxb7 13. b3 Rb8 (13... Ne6 $16 {was worth a try.} 14. Rb1 Nc5) 14. Nd5 ({Better is} 14. Ba3 $18) 14... Ncxd5 15. cxd5 Nxd5 $2 (15... Ba6 $16 16. Bh3 Bb5) 16. exd5 e4 17. Nd4 Bxd5 18. Bxe4 Re8 19. Bxd5 $18 Rxe1+ 20. Qxe1 Bxd4 21. Bh6 1-0

[Event "IV Copa Marcel Duchamp 2020"]
[Site "Montevideo"]
[Date "2020.02.11"]
[Round "5.30"]
[White "Moccero, Eduardo"]
[Black "Vassallo, Mariano"]
[Result "1-0"]
[ECO "D05"]
[WhiteElo "1926"]
[BlackElo "1313"]
[Annotator "NA RC"]
[PlyCount "45"]
[EventDate "2020.02.08"]
[EventType "swiss"]
[EventCountry "URU"]
[SourceTitle "playchess.com"]
[Source "ChessBase"]
[SourceQuality "1"]
[TimeControl "5400+30"]

1. d4 d5 2. Nf3 Nf6 3. e3 e6 4. Bd3 c5 5. c3 Nc6 6. Nbd2 Bd6 7. O-O O-O 8. dxc5 Bxc5 9. Qe2 Qc7 10. e4 e5 11. exd5 Nxd5 12. Ne4 {[%emt 0:01:27] D05: Colle System with ...e6.} Be7 13. Bc2 {[%emt 0:04:48] [#]} Nf6 $146 (13... Rd8 $11) ({Predecessor:} 13... Bf5 14. Re1 Bg6 15. Ng3 Bxc2 16. Qxc2 Rfe8 17. Qf5 g6 18. Qe4 Rad8 19. Bh6 f5 {½-½ (34) Fehlings,G (1728)-Niessner,A (1812) Muensterland 2005}) 14. Nfg5 Nxe4 15. Qxe4 ({Much weaker is} 15. Nxe4 Be6 $11) 15... g6 16. Qh4 h5 17. Qg3 Bd6 18. Ne4 Bf5 $2 (18... Be7 $16) 19. Nf6+ Kh8 20. Qg5 Kg7 21. Nxh5+ Kg8 22. Qf6 gxh5 23. Bh6 1-0

[Event "IV Copa Marcel Duchamp 2020"]
[Site "Montevideo"]
[Date "2020.02.11"]
[Round "5.31"]
[White "Moreno, Nelson"]
[Black "Santiso, Daniel"]
[Result "1-0"]
[ECO "B27"]
[WhiteElo "1656"]
[BlackElo "1900"]
[Annotator "NA RC"]
[PlyCount "55"]
[EventDate "2020.02.08"]
[EventType "swiss"]
[EventCountry "URU"]
[SourceTitle "playchess.com"]
[Source "ChessBase"]
[SourceQuality "1"]
[TimeControl "5400+30"]

1. e4 c5 2. Nf3 g6 3. c3 d5 4. exd5 Qxd5 5. d4 Bg4 6. Be2 {[%emt 0:00:07] B22: Sicilian: 2 c3.} cxd4 7. Qxd4 {[%emt 0:07:49] [#]} ({White should play} 7. cxd4 $16 Bxf3 8. Bxf3) 7... Bxf3 $146 ({Predecessor:} 7... Qxd4 8. Nxd4 Bxe2 9. Nxe2 Nc6 10. Be3 Bg7 11. O-O Nf6 12. Nd4 Nxd4 13. Bxd4 O-O {1-0 (60) Schnorr,C (1116)-Marquardt,P (1318) Friedrichshafen 2005}) 8. Bxf3 Qxd4 9. cxd4 Nc6 10. Bxc6+ bxc6 11. Nc3 Bg7 12. Be3 e6 13. Rc1 Ne7 14. O-O O-O 15. Ne4 Rfd8 16. Rfd1 h6 17. b3 a5 18. h3 a4 19. Bf4 axb3 20. axb3 Bxd4 ({Don't play} 20... Rxd4 21. Rxd4 Bxd4 22. Bxh6 $11) (20... Nf5 $17 21. Kf1 Rxd4 22. Rxd4 Nxd4) 21. Bxh6 Be5 22. Bg5 Rxd1+ 23. Rxd1 Nd5 24. Rc1 f5 25. Nc5 Kf7 26. Nd7 Bc3 27. Nb6 Be5 $18 (27... Nxb6 $11 28. Rxc3 Rc8) 28. Nxa8 1-0

[Event "IV Copa Marcel Duchamp 2020"]
[Site "Montevideo"]
[Date "2020.02.11"]
[Round "5.32"]
[White "De Cuadro, Dionisio"]
[Black "Pustilnik, Iber"]
[Result "1/2-1/2"]
[ECO "A25"]
[WhiteElo "1650"]
[BlackElo "1892"]
[Annotator "NA RC"]
[PlyCount "153"]
[EventDate "2020.02.08"]
[EventType "swiss"]
[EventCountry "URU"]
[SourceTitle "playchess.com"]
[Source "ChessBase"]
[SourceQuality "1"]
[TimeControl "5400+30"]

1. c4 e5 2. Nc3 Nc6 3. g3 g6 4. Bg2 Bg7 5. e3 d6 6. Nf3 {[%emt 0:00:24] A25: English Opening vs King's Indian with ...Nc6 but without early d3.} Nf6 7. O-O O-O 8. b3 {[%emt 0:00:27] [#]} Bf5 $146 ({Predecessor:} 8... Be6 9. Bb2 Qd7 10. d4 Bh3 11. dxe5 Bxg2 12. Kxg2 dxe5 13. Qxd7 Nxd7 14. Rad1 Nc5 {0-1 (46) Ventimiglia,P-Sanchez,F Chivilcoy 1997}) 9. d3 Qc8 10. Re1 Bh3 11. Bh1 h6 12. Bb2 Re8 13. e4 Bg4 14. Qd2 Nd8 15. Nd5 Kh7 16. Rac1 (16. d4 $14) 16... c5 17. b4 b6 18. bxc5 bxc5 19. Bc3 Ne6 20. Rb1 Rb8 21. Qc2 Bxf3 22. Bxf3 Ng5 23. Bg2 Nxd5 ({Black should try} 23... Ne6 $14) 24. Rxb8 ({But not} 24. exd5 $6 Qf5 $14) ({Don't take} 24. cxd5 $6 Nh3+ 25. Kh1 Qd7 $14) 24... Qxb8 25. cxd5 ({Much less strong is} 25. exd5 $6 f5 $16) 25... Kg8 26. h4 Nh7 27. Bh3 ({White should play} 27. Rb1 Qa8 28. Qb3) 27... Qc7 28. Rb1 Rb8 29. Rxb8+ Qxb8 30. Qb2 Qb6 31. a4 Qxb2 32. Bxb2 Bf6 33. Bc3 Bd8 34. Kg2 Kf8 35. Bd7 ({Better is} 35. Bc8 $16) 35... Nf6 36. Bb5 Ne8 37. Bd2 h5 38. f4 (38. Ba6 $16) 38... f6 (38... Nc7 $14) 39. fxe5 ({Better is} 39. f5 gxf5 40. exf5) 39... fxe5 40. Bh6+ Kf7 41. Kf3 Nc7 {[%emt 0:00:43] [#]} 42. Bc6 (42. Bc4 $1 $16) 42... Na6 43. Bb5 Nb4 44. Bd2 Nc2 45. Bd7 Nd4+ 46. Kf2 Bb6 47. Kg2 (47. a5 $5 Bd8 48. a6 $11) 47... Ke7 48. Bc8 Bc7 49. Bg5+ Kf7 50. g4 hxg4 51. Bxg4 Ba5 52. h5 gxh5 53. Bxh5+ Kg7 54. Be7 Bc7 55. Kg3 Nb3 56. Be8 a6 57. Bh5 (57. Bg5 $11) 57... Nc1 58. Kg4 Nxd3 59. Kf5 Nf4 60. Bd1 c4 61. Bf6+ Kf8 62. Bg5 Nd3 63. Bh6+ Ke7 64. Bg5+ Kd7 65. Bg4 (65. Bd2 $17) 65... Kc8 (65... c3 $19 66. Kf6+ Ke8 67. Bh5+ Kd8 68. Ke6+ Kc8) 66. Kf6+ (66. Bd2 $17) 66... Kb7 67. Ke7 c3 $2 ({Black should play} 67... Nf2 $19 68. Be2 c3 $19 69. Bh6 Nxe4) 68. Be2 $2 (68. Bd1 $17) 68... Nb4 $2 69. Kd7 c2 70. Bc4 Bb8 71. Bd2 Kb6 72. Kc8 Kc5 73. Bb3 $1 Kd4 74. Kxb8 Kxe4 75. Kc7 Nxd5+ 76. Kxd6 Nb4 77. Kc5 $11 1/2-1/2